 Dungeon Crawl Stone Soup version 0.29-a0-541-gaf1fc19f1b (webtiles) character file.

Game seed: 4293846097511027250

485 Morbidden the Ruffian (level 6, -8/50 HPs)
             Began as a Draconian Transmuter on June 2, 2022.
             Was a High Priest of Ignis.
             Mangled by an iguana (11 damage)
             ... on level 5 of the Dungeon.
             The game lasted 00:03:54 (4930 turns).

Morbidden the Ruffian (Draconian Transmuter)        Turns: 4930, Time: 00:03:55

Health: -8/50      AC:  6    Str: 15    XL:     6   Next: 88%
Magic:  10/11      EV: 12    Int: 13    God:    Ignis [*****.]
Gold:   169        SH:  0    Dex: 11    Spells: 5/12 levels left

rFire   + . .      SeeInvis +     - Unarmed
rCold   . . .      Faith    .   (no shield)
rNeg    . . .      Spirit   .   (body armour unavailable)
rPois   .          Reflect  .   (helmet currently unavailable)
rElec   .          Harm     .   (no cloak)
rCorr   .          Rampage  .   (no gloves)
Will    .....                   (boots currently unavailable)
Stlth   +.........              g - amulet of the acrobat
HPRegen 0.16/turn               r - ring of see invisible
MPRegen 0.12/turn               (no ring)

@: appendages, wereblooded (expiring)
A: horns 2, talons 2, AC +6, unfitting armour, cold-blooded
a: End Transformation, Renounce Religion, Fiery Armour, Foxfire Swarm, Rising
Flame


You were on level 5 of the Dungeon.
You worshipped Ignis.
Ignis was extremely pleased with you.
You had temporarily grown beastly horns and talons.
You visited 2 branches of the dungeon, and saw 6 of its levels.

You collected 169 gold pieces.

Inventory:

Jewellery
 g - an amulet of the acrobat (around neck)
 q - an amulet of magic regeneration
 r - a ring of see invisible (left hand)
 y - an amulet of reflection
Scrolls
 c - 3 scrolls of teleportation {unknown}
 d - 2 scrolls of enchant weapon {unknown}
 e - 3 scrolls of poison {unknown}
 h - a scroll of fear {unknown}
 k - 4 scrolls of identify {unknown}
 l - a scroll of noise {unknown}
 m - 3 scrolls of amnesia {unknown}
 t - 2 scrolls of enchant armour {unknown}
 v - 2 scrolls of immolation {unknown}
 w - 3 scrolls of blinking {unknown}
 x - 2 scrolls of magic mapping {unknown}
 A - a scroll of fog {unknown}
Potions
 a - 2 potions of degeneration {unknown}
 b - a potion of brilliance
 f - 4 potions of curing
 i - a potion of haste {unknown}
 j - a potion of flight {unknown}
 n - 2 potions of heal wounds {unknown}
 o - 2 potions of attraction {unknown}
 p - a potion of cancellation {unknown}
 s - a potion of might {unknown}
 u - a potion of berserk rage {unknown}
 z - a potion of lignification


   Skills:
 * Level 2.9 Fighting
 * Level 3.0 Dodging
 + Level 1.1 Stealth
 * Level 5.0 Unarmed Combat
 * Level 3.5 Spellcasting
 * Level 3.2 Transmutations
 * Level 0.6 Ice Magic


You had 5 spell levels left.
You knew the following spells:

 Your Spells              Type           Power      Damage    Failure   Level
a - Beastly Appendage     Tmut           20%        N/A       6%          1
b - Wereblood             Tmut           10%        N/A       9%          2
c - Ice Form              Ice/Tmut       7%         N/A       67%         4

Your spell library contained the following spells:

 Spells                   Type           Power      Damage    Failure   Level
 Spider Form              Tmut/Pois      6%         N/A       32%         3
 Ignite Poison            Fire/Tmut/Pois 5%         N/A       38%         3
 Mephitic Cloud           Conj/Pois/Air  2%         N/A       54%         3
 Freezing Cloud           Conj/Ice/Air   1%         6-21      99%         5


Dungeon Overview and Level Annotations

Branches:
Dungeon (5/15)             Temple (1/1) D:4

Altars:
Cheibriados
Fedhas
Makhleb
Qazlal
Ru
Trog
Vehumet
Wu Jian
Xom
Yredelemnul
Zin
Ignis

Shops:
D:1 ?


Innate Abilities, Weirdness & Mutations

You have temporarily grown beastly horns and talons.
Your plain brown scales are hard. (AC +6)
You cannot fit into any form of body armour.
You are cold-blooded and may be slowed by cold attacks.


Message History

Unknown command.
You hit the orc but do no damage. You claw the orc.
You headbutt the orc, but do no damage. Your punch misses the orc.
The orc is heavily wounded.
The orc hits you but does no damage.
You punch the orc!
You feel a bit better.
You kill the orc!
You howl as the wereblood boils in your veins!
You hear an angry hiss.
Items here: )) [[ †.
An iguana comes into view.
The iguana hisses angrily.
You howl as the wereblood boils in your veins!
Your horns disappear.
Your talons disappear.
The iguana closely misses you.
Unknown command.
The iguana attacks as you move away! The iguana misses you.
The iguana attacks as you move away! The iguana bites you.
You howl as the wereblood boils in your veins!
Unknown command.
An iguana is nearby!
Unknown command.
Unknown command.
You punch the iguana!
The iguana is severely wounded.
Your primal bloodlust is almost over.
The iguana bites you!
* * * LOW HITPOINT WARNING * * *
Unknown command.
Casting: Wereblood (safe; 9% risk of failure)
Confirm with . or Enter, or press ? or * to list all spells.
You grow a pair of large bovine horns.
Your feet morph into talons.
The iguana bites you!
* * * LOW HITPOINT WARNING * * *
Unknown command.
You closely miss the iguana. You claw the iguana.
The iguana is almost dead.
The iguana hisses menacingly.
The iguana bites you!
You die...

......#.#... .#
...........####.#
#..............# ###
.........#)##.# #..
#..........#.#####.#
#..$..#..# .#.....#
#........###.#.####.
#$.@l.....)..#.# #.
#........#####.# #.
...............†..#
##
#.#.#.#....#.##.####
#...............
#..)..........###
....<...........
##.######.###### ..


You could see an iguana.

Vanquished Creatures
  A water moccasin (D:4)
  A phantom (D:4)
  A jelly (D:5)
  A gnoll shaman (D:4)
  2 hounds (D:5)
  Jessica (D:3)
  6 adders
  5 gnolls (D:4)
  4 dart slugs
  7 orcs
  3 ball pythons (D:4)
  7 endoplasms
  6 goblins
  A hobgoblin (D:2)
  3 jackals (D:1)
  4 quokkas
  4 bats
  4 frilled lizards
  5 kobolds
  A rat (D:1)
67 creatures vanquished.

Notes
Turn   | Place    | Note
-------+----------+-------------------------------------------
     0 | D:1      | Morbidden the Draconian Transmuter began the quest for the
                  | Orb.
     0 | D:1      | Reached XP level 1. HP: 16/16 MP: 3/3
    41 | D:1      | Found Hinkidgh's Magic Scroll Shop.
   714 | D:1      | Reached XP level 2. HP: 23/23 MP: 3/5
   898 | D:1      | Found a faded altar of an unknown god.
   908 | D:1      | Prayed at the altar of an unknown god.
   908 | D:1      | Became a worshipper of Ignis, the Dying Flame
  1555 | D:2      | Reached XP level 3. HP: 28/28 MP: 4/6
  2218 | D:3      | Found a glowing silver altar of Zin.
  2665 | D:3      | Noticed Jessica
  2682 | D:3      | Killed Jessica
  2683 | D:3      | Reached XP level 4. HP: 22/36 MP: 6/8
  3399 | D:4      | Noticed a phantom
  3422 | D:4      | Killed a phantom
  3423 | D:4      | Reached skill level 4 in Unarmed Combat
  3423 | D:4      | Reached XP level 5. HP: 33/41 MP: 9/9
  3549 | D:4      | Found a staircase to the Ecumenical Temple.
  3559 | Temple   | Entered the Ecumenical Temple
  3760 | D:4      | Reached XP level 6. HP: 34/50 MP: 10/10
  4196 | D:4      | Noticed a water moccasin
  4206 | D:4      | Killed a water moccasin
  4770 | D:4      | Learned a level 2 spell: Wereblood
  4775 | D:4      | Learned a level 4 spell: Ice Form
  4859 | D:5      | Entered Level 5 of the Dungeon
  4886 | D:5      | Reached skill level 1 in Stealth
  4917 | D:5      | Reached skill level 5 in Unarmed Combat
  4930 | D:5      | Mangled by an iguana

Illustrated notes

Levels and vault maps discovered:
D:1:      dpeg_arrival_tiny_c, layout_loops_corners,
          chequers_ecumenical_altar_simple_redux, serial_shops, shop
D:2:      layout_basic
D:3:      layout_basic, zin_academy, kennysheep_jessica_study
D:4:      cheibrodos_quashed, layout_cave_pods, minmay_temple_entry_junction_2
D:5:      layout_basic, kennysheep_vampire_church, hangedman_decor_growths,
          uniq_menkaure, uniq_sigmund, uniq_edmund
Temple:   regret_index_temple_waves

Skill      XL: |  1  2  3  4  5  6 |
---------------+-------------------+-----
Dodging        | 2 3 |  3.0
Fighting       | 2 |  2.9
Unarmed Combat | 4 5 |  5.0
Spellcasting   | 3 |  3.5
Transmutations | 3 |  3.2
Stealth        | 1 |  1.1
Ice Magic      | |  0.6

Action                   |  1- 3 |  4- 6 || total
-------------------------+-------+-------++-------
Melee: Unarmed           |   116 |   112 ||   228
       Tailslap          |     5 |    10 ||    15
       Kick              |    16 |    19 ||    35
       Headbutt          |    12 |    21 ||    33
       Punch             |     5 |     3 ||     8
 Cast: Beastly Appendage |    22 |    18 ||    40
       Wereblood         |       |     1 ||     1
Invok: Fiery Armour      |       |     1 ||     1
  Use: Potion            |     4 |       ||     4
 Stab: Sleeping          |     2 |       ||     2
Armor: Skin              |    30 |    31 ||    61
Dodge: Dodged            |    98 |    68 ||   166

Table legend: (Time is in decaauts)
 A = Elapsed time spent in this place.
 B = Non-inter-level travel time spent in this place.
 C = Inter-level travel time spent in this place.
 D = Time resting spent in this place.
 E = Time spent auto-exploring this place.
 F = Levels seen in this place.
 G = Mean time per level.
                   A        B        C        D        E       F      G
               +--------+--------+--------+--------+--------+-----+--------+
         Total |   4928 |   4739 |    189 |    379 |   3745 |   6 |  821.3 |
       Dungeon |   4831 |   4678 |    153 |    379 |   3696 |   5 |  966.2 |
        Temple |     96 |     60 |     36 |      0 |     49 |   1 |   96.0 |
               +--------+--------+--------+--------+--------+-----+--------+

Top non-repeatable levels by time:
     D:4: 1396 daAuts
     D:3: 1247 daAuts
     D:1: 1179 daAuts
     D:2: 939 daAuts
  Temple: 96 daAuts
     D:5: 69 daAuts
